 Dungeon Crawl Stone Soup version 0.18-a0-1577-gf591c28 (console) character file.

417 Liam the Magician (level 6, -1/36 HPs)
             Began as a High Elf Wizard on Mar 17, 2016.
             Slain by a gnoll shaman
             ... wielding a +0 club
              (6 damage)
             ... on level 4 of the Dungeon.
             The game lasted 00:10:52 (4632 turns).

Liam the Magician (High Elf Wizard)                 Turns: 4632, Time: 00:10:53

Health: -1/36      AC:  3    Str:  6    XL:     6   Next: 61%
Magic:  3/16       EV: 17    Int: 25    God:
Gold:   130        SH:  0    Dex: 13    Spells: 3 memorised, 12 levels left

rFire  . . .     SeeInvis .     (no weapon)
rCold  . . .     Gourm    .     a - +0 robe
rNeg   . . .     Faith    .     (no shield)
rPois  .         Spirit   .     b - +0 hat
rElec  .         Dismiss  .     (no cloak)
rCorr  .         Reflect  .     j - +0 pair of gloves
SustAt .         Harm     .     (no boots)
MR     .....                    (no amulet)
Stlth  ++........               (no ring)
                                s - +5 ring of evasion

@: very slightly contaminated, not resistant to hostile enchantments, unstealthy
A: no striking features
a: no special abilities


You were on level 4 of the Dungeon.
You were not hungry.

You visited 1 branch of the dungeon, and saw 4 of its levels.

You collected 130 gold pieces.

Inventory:

Armour
 a - a +0 robe (worn)
 b - a +0 hat (worn)
 j - a +0 pair of gloves (worn)
Jewellery
 s - a +5 ring of evasion (left hand)
Wands
 u - a wand of enslavement (18/24)
Scrolls
 e - 3 scrolls of teleportation {unknown}
 g - a scroll of enchant armour {unknown}
 i - 2 scrolls of fog {unknown}
 m - 5 scrolls of remove curse {unknown}
 o - 5 scrolls of identify {unknown}
 q - 2 scrolls of noise {unknown}
Potions
 k - 2 potions of heal wounds
 n - 2 potions of flight
 r - 2 potions of invisibility {unknown}
 t - a potion of lignification {unknown}
Books
 c - a book of Minor Magic

   Spells                             Type                      Level
   a - Magic Dart                     Conjuration                  1
   b - Blink                          Translocation                2
   c - Call Imp                       Summoning                    2
   d - Repel Missiles                 Charms/Air                   2
   e - Slow                           Hexes                        2
   f - Conjure Flame                  Conjuration/Fire             3
   g - Mephitic Cloud                 Conjuration/Poison/Air       3
 l - a book of Changes

   Spells                             Type                      Level
   a - Beastly Appendage              Transmutation                1
   b - Sticks to Snakes               Transmutation                2
   c - Spider Form                    Transmutation/Poison         3
   d - Ice Form                       Ice/Transmutation            4
   e - Blade Hands                    Transmutation                5
Comestibles
 d - 3 bread rations
 f - 2 beef jerkies
 h - a slice of pizza
 p - a meat ration


   Skills:
 - Level 2.1 Dodging
 - Level 2.1 Stealth
 + Level 6.5 Spellcasting
 + Level 5.2 Conjurations
   Level 0.8 Summonings
 - Level 1.1 Translocations


You had 12 spell levels left.
You knew the following spells:

 Your Spells              Type           Power        Failure   Level  Hunger
a - Magic Dart            Conj           ####         1%          1    None
b - Blink                 Tloc           N/A          10%         2    None
c - Conjure Flame         Conj/Fire      ###.....     10%         3    None


Dungeon Overview and Level Annotations

Branches:
Dungeon (4/15)
 Temple: D:4-7

Altars:
Fedhas
Qazlal


Message History

Aiming: Magic Dart
Press: ? - help, Shift-Dir - straight line, f/p - gnoll shaman
Aim: a gnoll shaman, wielding a club and wearing a leather armour (almost dead)
The magic dart hits the gnoll shaman.
The gnoll shaman is almost dead.
The gnoll hits you with a whip.
* * * LOW HITPOINT WARNING * * *
The gnoll closely misses you.
The gnoll shaman calls upon its god to speed up the gnoll.
The gnoll seems to speed up.
Casting: Magic Dart
Confirm with . or Enter, or press ? or * to list all spells.
You blink.
The gnoll misses you.
Casting: Blink
Confirm with . or Enter, or press ? or * to list all spells.
You miscast Blink.
You are very lightly contaminated with residual magic.
Nothing appears to happen.
The gnoll closely misses you. x2
The gnoll shaman hits you with a club.
You die...

######## #####
.......###...##########
....#...##.#...........
..........#...####......
... #gg§.##.## #.#####
.....##g#g##.#####.#####
#.....@.........>......
#####....##.####...####
#.......###.....##
#....#####...(...##
#....# #........))
#...#. #........##
...###. #.#.....##.
##.## #........###.
...)....## #.


You could see a gnoll shaman and 3 gnolls.

Vanquished Creatures
  A hungry ghost (D:3)
  A scorpion (D:4)
  An orc wizard (D:4)
  Jessica (D:2)
  Robin (D:2)
  7 adders
  An ooze (D:1)
  4 worms
  2 dart slugs
  A giant gecko (D:2)
  4 orcs (D:4)
  3 ball pythons
  3 giant cockroaches
  10 goblins
  9 hobgoblins
  6 jackals
  3 quokkas
  8 bats
  2 giant newts
  12 kobolds
  6 rats
86 creatures vanquished.

Notes
Turn   | Place    | Note
--------------------------------------------------------------
     0 | D:1      | Liam the High Elf Wizard began the quest for the Orb.
     0 | D:1      | Reached XP level 1. HP: 11/11 MP: 6/6
   562 | D:1      | Reached XP level 2. HP: 12/17 MP: 2/7
   648 | D:1      | Learned a level 2 spell: Blink
   704 | D:1      | Reached skill level 4 in Spellcasting
  1532 | D:1      | Reached XP level 3. HP: 21/21 MP: 6/9
  1985 | D:2      | Noticed Jessica
  1988 | D:2      | Killed Jessica
  1988 | D:2      | Reached XP level 4. HP: 27/27 MP: 4/11
  2069 | D:2      | Reached skill level 5 in Spellcasting
  2073 | D:2      | Noticed Robin
  2307 | D:2      | Killed Robin
  2579 | D:2      | Reached XP level 5. HP: 31/31 MP: 7/13
  3250 | D:3      | Noticed a hungry ghost
  3265 | D:3      | Learned a level 3 spell: Conjure Flame
  3277 | D:3      | Killed a hungry ghost
  3277 | D:3      | Reached skill level 6 in Spellcasting
  3277 | D:3      | Reached XP level 6. HP: 36/36 MP: 1/16
  3529 | D:3      | Found a blossoming altar of Fedhas.
  3531 | D:3      | Found a stormy altar of Qazlal.
  4080 | D:3      | Found a faded altar to an unknown god.
  4221 | D:4      | Reached skill level 5 in Conjurations
  4632 | D:4      | Slain by a gnoll shaman

Vault maps used:
D:1:      dpeg_arrival_tiny_i, minmay_misc_feat_plants
D:2:      uniq_robin, uniq_jessica
D:3:      grunt_temple_overflow_forces_of_nature, ecumenical_altar_1,
          st_stairs_9, hangedman_decor_points, hangedman_decor_growths,
          minmay_stone_trees_small, minmay_goblin_outpost
D:4:      uniq_menkaure

Skill      XL: |  1  2  3  4  5  6 |
---------------+-------------------+-----
Conjurations   | 2 3 4 5 |  5.2
Spellcasting   | 4 5 6 |  6.5
Dodging        | |  2.1
Stealth        | |  2.1
Summonings     | |  0.8
Translocations | |  1.1

Action                   |  1- 3 |  4- 6 || total
-------------------------+-------+-------++-------
Melee: Unarmed           |    21 |       ||    21
 Cast: Magic Dart        |    97 |   154 ||   251
       Conjure Flame     |       |     1 ||     1
       Blink             |       |     1 ||     1
  Use: Potion            |     2 |       ||     2
  Eat: Chunk             |     2 |     9 ||    11
